 Dungeon Crawl Stone Soup version 0.19-a0-1714-gcab94ab (webtiles) character file.

74 Theye the Skirmisher (level 4, -3/35 HPs)
             Began as a Mummy Fighter on Sept 28, 2016.
             Killed by divine providence
             ... invoked by an orc priest
              (15 damage)
             ... on level 3 of the Dungeon.
             The game lasted 00:01:30 (1788 turns).

Theye the Skirmisher (Mummy Fighter)                Turns: 1788, Time: 00:01:30

Health: -3/35      AC:  7    Str: 20    XL:     4   Next: 9%
Magic:  4/4        EV: 10    Int:  7    God:
Gold:   51         SH:  0    Dex: 11    Spells: 0 memorised, 3 levels left

rFire  x . .     SeeInvis .     a - +0 long sword
rCold  + . .     Gourm    .     b - +0 scale mail
rNeg   + + +     Faith    +     (no shield)
rPois  ∞         Spirit   .     (no helmet)
rElec  .         Dismiss  .     (no cloak)
rCorr  .         Reflect  .     (no gloves)
MR     .....     Harm     .     (no boots)
Stlth  ..........               f - amulet of faith
                                (no ring)
                                g - ring of poison resistance

@: no status effects
A: no food or potions, fire vulnerability, cold resistance 1, negative energy
resistance 3, torment resistance, unbreathing
a: no special abilities


You were on level 3 of the Dungeon.
You were not hungry.

You visited 1 branch of the dungeon, and saw 3 of its levels.

You collected 51 gold pieces.

Inventory:

Hand Weapons
 a - a +0 long sword (weapon)
Armour
 b - a +0 scale mail (worn)
 c - a +0 shield
Jewellery
 f - an amulet of faith (around neck)
 g - a ring of poison resistance (left hand)
Scrolls
 d - 3 scrolls of identify {unknown}
 e - 3 scrolls of random uselessness {unknown}
 h - a scroll of blinking {unknown}


   Skills:
 + Level 3.4 Fighting
 + Level 2.3 Long Blades
 + Level 3.0 Armour
 + Level 0.7 Dodging
 - Level 2.5 Shields


You had 3 spell levels left.
You didn't know any spells.

Dungeon Overview and Level Annotations

Branches:
Dungeon (3/15)

Altars:

Annotations:
D:2 Sigmund


Innate Abilities, Weirdness & Mutations

You do not eat or drink.
Your flesh is vulnerable to fire.
You are immune to poison.
Your flesh is cold resistant. (rC+)
You are immune to negative energy. (rN+++)
You are immune to unholy pain and torment.
You can survive without breathing.


Message History

You hit the orc priest.
The orc priest is almost dead.
The orc priest mumbles some strange prayers to Beogh against you.
You are unaffected.
The orc priest invokes the aid of Beogh against you.
Beogh smites you!
You hear a shout!
You hit the orc priest but do no damage.
The orc priest is almost dead.
The orc priest closely misses you.
Unknown command.
You hit the orc priest.
The orc priest is almost dead.
The orc priest hits you but does no damage.
Unknown command.
You closely miss the orc priest.
The orc priest is almost dead.
The orc priest mumbles some strange prayers to Beogh against you.
Beogh smites you!
You die...

.... ..## #..#.#...
...........%.......
......#......)..#.
#..#..#..##.#.#.#.
#######..#..#...........
........................
.##.........#...........
.........#.##.###.#.#.##
......o@..........#.#.##
................#.#.#.##
..#.##......###.#.......
# #...#..............
....................
#................#.#.
..##............##..#.
.. .#..........#.#..#.
#......##.#...#.


You could see an orc priest.

Vanquished Creatures
  A gnoll (D:1)
  4 adders
  3 leopard geckos
  An orc (D:3)
  A giant cockroach (D:3)
  A goblin (D:1)
  4 hobgoblins
  2 jackals (D:3)
  2 kobolds
  A ball python (D:2)
  2 bats
  2 frilled lizards (D:1)
  3 rats
27 creatures vanquished.

Notes
Turn   | Place    | Note
-------+----------+-------------------------------------------
     0 | D:1      | Theye the Mummy Fighter began the quest for the Orb.
     0 | D:1      | Reached XP level 1. HP: 18/18 MP: 1/1
   373 | D:1      | Reached XP level 2. HP: 24/24 MP: 2/2
  1096 | D:2      | Noticed Sigmund
  1106 | D:1      | Reached XP level 3. HP: 23/29 MP: 3/3
  1419 | D:3      | Reached XP level 4. HP: 8/35 MP: 4/4
  1788 | D:3      | Killed from afar by an orc priest

Vault maps used:
D:1:      tarquinn_simple_flora_water_c
D:2:      overflow_temple_1_default, tso_metal_star, minmay_misc_feat_chi,
          grunt_ministairs_11, st_stairs_5, uniq_sigmund
D:3:      first_bread, minmay_misc_feat_secret_circle

Skill      XL: |  1  2  3 |
---------------+----------+-----
Long Blades    | 2 |  2.3
Armour         | 3 |  3.0
Fighting       | |  3.4
Dodging        | |  0.7
Shields        | |  2.5

Action                   |  1- 3 |  4- 6 || total
-------------------------+-------+-------++-------
Melee: Long sword        |   114 |    14 ||   128
Armor: Scale mail        |    46 |     3 ||    49
Dodge: Dodged            |    62 |     6 ||    68
